Map: King Sejong Station LE

Players

Crowiz - Winner!

  • Race: Terran Terran
  • League: Gold

Nickos

  • Race: Terran Terran
  • League: Gold

VOD

Have the link to the VOD?

Description

Time

  • Played on: Sept. 23, 2016, 6:10 a.m.
  • Length: 13:11
Show
View Real Time Build Order
Export as new Build Order

Crowiz Terran - Winner!

Build Orders: Bio Tank 

Get SALT Encoding   

  12  0:01  SCV  
  13  0:14  SCV  
  14  0:19  Supply Depot  
  14  0:26  SCV  
  15  0:40  SCV  
  16  0:44  Barracks  
  16  0:46  Refinery  
  16  0:52  SCV  
  17  1:04  SCV  
  18  1:17  SCV  
  19  1:31  Orbital Command  
  20  1:32  Reaper  
  20  1:52  Command Center  
  20  2:00  SCV  
  20  2:10  Marine  
  21  2:19  Factory, SCV  
  22  2:22  Refinery  
  22  2:31  Supply Depot, SCV  
  23  2:48  Barracks Reactor  
  23  2:52  SCV  
  24  2:59  Barracks  
  24  3:03  Factory Tech Lab  
  24  3:08  Orbital Command  
  24  3:09  SCV  
  25  3:21  SCV  
  25  3:22  Supply Depot  
  25  3:23  Siege Tank  
  25  3:25  Marine x2  
  31  3:33  SCV  
  32  3:37  Starport  
  32  3:44  Supply Depot, Marine  
  32  3:46  SCV  
  32  3:47  SCV  
  35  3:50  Barracks Tech Lab  
  35  3:59  SCV x2  
  37  4:06  Marine x2  
  39  4:10  Stimpack  
  39  4:11  SCV x2  
  39  4:14  Refinery  
  39  4:15  Marine  
  42  4:20  Starport Reactor  
  42  4:24  Supply Depot  
  42  4:25  SCV x2  
  42  4:29  Marine x2  
  46  4:32  Siege Tank  
  49  4:43  Engineering Bay  
  49  4:45  Engineering Bay  
  49  4:49  Marine  
  49  4:50  Marine  
  49  4:51  SCV x2  
  53  4:56  Marine  
  54  5:00  Medivac x2  
  54  5:04  SCV x2  
  60  5:12  Terran Infantry Weapons Level 1  
  60  5:19  Refinery  
  60  5:23  Terran Infantry Armor Level 1  
  60  5:24  Barracks  
  60  5:27  SCV x2  
  60  5:28  Marine x2  
  63  5:29  Marine  
  65  5:39  SCV x2  
  67  5:43  Supply Depot  
  67  5:46  Marine x2  
  69  5:51  SCV  
  70  6:03  Supply Depot  
  70  6:04  Marine x2  
  70  6:05  Marauder, Siege Tank, Supply Depot, SCV  
  78  6:16  SCV  
  78  6:24  Marine  
  79  6:28  Combat Shields, Armory  
  79  6:33  Marine x2  
  79  6:35  Marauder  
  79  6:37  Siege Tank  
  86  6:42  Marine  
  86  6:43  Medivac x2  
  91  6:50  Command Center  
  91  6:51  Supply Depot, Marine  
  91  6:53  Supply Depot  
  91  7:24  Marine x2  
  91  7:25  Marine  
  91  7:26  SCV x2  
  91  7:28  Siege Tank  
  91  7:29  Medivac x2  
  104  7:31  Terran Infantry Weapons Level 2  
  104  7:41  Barracks Reactor  
  104  7:42  Marine x2  
  105  7:48  Terran Vehicle Weapons Level 1  
  105  7:49  Barracks  
  105  7:51  Supply Depot  
  105  7:52  Marine  
  105  7:53  Supply Depot  
  106  7:59  SCV x2  
  106  8:00  Marine  
  109  8:13  Medivac x2  
  105  8:24  Marauder, Marine x4  
  106  8:38  SCV x2  
  108  8:42  Marine x4  
  108  8:46  Marauder  
  114  8:48  Refinery  
  114  8:50  SCV x2  
  117  8:57  Planetary Fortress  
  117  8:59  Terran Infantry Armor Level 2, Marine  
  117  9:00  Marine x3  
  117  9:01  Barracks Reactor  
  117  9:02  SCV  
  121  9:07  Marauder  
  123  9:16  Supply Depot  
  123  9:17  Supply Depot, Marine x3  
  123  9:18  Marine  
  125  9:28  Marauder  
  119  9:35  Marine  
  120  9:39  Marine x2  
  120  9:42  Marine  
  120  9:43  Siege Tank  
  125  9:50  Marauder  
  114  9:53  Marine  
  114  9:57  Marine x2  
  102  10:00  Marine  
  98  10:09  Medivac x2  
  98  10:11  SCV x2, Marauder, Marine  
  105  10:15  Marine x2  
  105  10:16  Siege Tank  
  105  10:18  Marine  
  103  10:30  Marine  
  103  10:33  Marauder  
  103  10:34  Marine x2  
  103  10:35  Marine x2  
  108  10:36  SCV x2, Marine  
  105  10:48  Siege Tank  
  104  10:54  Marauder, SCV x2  
  104  10:55  Marine x6  
  111  10:58  Supply Depot  
  111  10:59  Supply Depot  
  111  11:12  Marine  
  111  11:13  Marine x5  
  111  11:15  Marauder  
  111  11:16  Barracks  
  111  11:17  Barracks, SCV  
  113  11:26  Refinery  
  113  11:30  Marine x3  
  113  11:31  Marine  
  117  11:36  Viking  
  117  11:37  Viking, Marauder  
  117  11:38  SCV  
  124  11:44  Marine  
  124  11:46  Missile Turret  
  125  11:49  Missile Turret  
  125  11:52  Siege Tank  
  128  11:54  Marine  
  128  11:56  Marine  
  128  11:58  Marauder  
  128  12:00  Marine x3  
  135  12:02  Marine  
  135  12:06  Medivac  
  135  12:07  Medivac  
  117  12:17  Marine x2  
  117  12:19  Marauder  
  117  12:21  Marine x6  
  115  12:34  Marine  
  115  12:35  Marine  
  117  12:39  Marine x5  
  117  12:40  Marine  
  117  12:41  SCV, Marauder  
  117  12:42  SCV x2  
  135  12:52  Marine x2  
  135  12:53  SCV  
  135  12:55  Supply Depot  
  140  13:00  Supply Depot  
Show
View Real Time Build Order
Export as new Build Order

Nickos Terran 

Build Orders:  

Get SALT Encoding   

  12  0:01  SCV  
  13  0:13  SCV  
  14  0:17  Supply Depot  
  14  0:25  SCV  
  15  0:39  SCV  
  15  0:41  Barracks  
  16  0:51  SCV  
  17  1:03  SCV  
  18  1:15  SCV  
  19  1:22  Command Center  
  19  1:29  Orbital Command  
  19  1:32  Marine  
  20  1:44  Barracks  
  20  1:50  Marine  
  21  1:55  SCV  
  22  2:14  Marine  
  22  2:16  SCV  
  22  2:18  Bunker  
  23  2:25  Supply Depot  
  23  2:33  Bunker  
  23  2:34  SCV, Barracks, Marine  
  23  2:35  Orbital Command  
  25  2:38  Marine  
  26  2:46  SCV  
  27  2:51  Marine  
  27  2:52  Refinery  
  27  2:54  Refinery  
  27  2:56  Marine  
  27  2:58  SCV  
  30  3:04  SCV  
  31  3:10  SCV  
  32  3:12  Supply Depot, Marine  
  32  3:16  SCV  
  32  3:19  Marine  
  35  3:22  SCV  
  36  3:28  Barracks Tech Lab, SCV  
  36  3:31  Marine  
  38  3:34  Refinery, SCV  
  38  3:37  Supply Depot  
  38  3:40  SCV  
  40  3:42  Barracks Reactor  
  40  3:46  SCV  
  41  3:50  Barracks  
  41  3:52  Engineering Bay, SCV  
  41  3:53  Barracks Reactor  
  41  3:54  Engineering Bay  
  42  3:58  SCV  
  43  4:04  SCV, Stimpack  
  44  4:11  SCV  
  44  4:15  Supply Depot  
  44  4:16  SCV  
  48  4:17  Marauder  
  48  4:20  Terran Infantry Weapons Level 1  
  48  4:23  SCV  
  49  4:26  Marine x2  
  51  4:31  Terran Infantry Armor Level 1  
  51  4:36  Marine x2  
  51  4:38  SCV, Supply Depot, Marine  
  54  4:39  SCV  
  56  4:46  Factory  
  56  4:49  Barracks Tech Lab  
  56  4:50  Marine x2  
  58  4:54  Marine  
  58  4:56  Marine  
  58  4:57  Marine  
  58  4:59  SCV  
  63  5:00  SCV  
  63  5:02  Supply Depot  
  63  5:11  SCV  
  63  5:12  SCV  
  65  5:20  Marauder  
  65  5:21  Marine x3, Marauder  
  69  5:23  SCV  
  69  5:24  SCV  
  74  5:31  Factory Reactor  
  74  5:32  Armory  
  74  5:35  Starport  
  74  5:36  Marine  
  74  5:39  SCV  
  74  5:42  Marauder  
  78  5:46  Marine x3  
  78  5:47  Marauder  
  82  5:52  SCV x2  
  84  5:59  Supply Depot  
  84  6:02  Marine  
  84  6:03  Marine  
  86  6:21  Medivac, Marauder x2, SCV x2  
  94  6:42  Command Center  
  94  6:44  Terran Infantry Weapons Level 2  
  94  6:51  Supply Depot, Marine x2  
  94  6:52  Medivac x2, SCV x2, Marine x2, Marauder  
  94  6:53  Marauder  
  108  7:05  Supply Depot  
  108  7:06  Supply Depot x2  
  108  7:10  Marine  
  108  7:13  Marauder  
  108  7:14  Barracks, Marine x2  
  108  7:15  Marauder, Marine  
  115  7:16  Barracks  
  115  7:20  Terran Infantry Armor Level 2  
  115  7:22  Medivac  
  117  7:37  Supply Depot  
  117  7:45  Marine x3  
  117  7:46  Marauder  
  117  7:47  Marauder  
  124  7:58  Medivac  
  126  8:01  Supply Depot  
  126  8:08  Marauder x2  
  80  8:29  Marauder  
  80  8:32  Barracks Tech Lab x2  
  80  8:33  Marine x4  
  80  8:34  Marine  
  87  8:35  Medivac x2  
  91  8:47  SCV  
  91  8:48  SCV  
  93  8:50  Orbital Command, Marine  
  93  8:52  Marauder x2  
  93  8:53  Marine x4, Marauder  
  104  9:00  SCV  
  105  9:05  Medivac  
  105  9:08  Marauder  
  109  9:14  Marauder x3  
  109  9:15  Command Center  
  115  9:29  Marine  
  115  9:30  Marine x3  
  115  9:31  Marine  
  108  9:34  Marine  
  108  9:35  Marine  
  98  9:48  Marine x5  
  98  9:50  Medivac x2  
  98  9:52  Marine  
  76  10:05  Marine  
  76  10:06  Marine x4  
  75  10:11  Marauder  
  69  10:20  Medivac x2  
  72  10:24  Marine x3  
  72  10:25  Marine, Marauder  
  75  10:32  Marauder  
  76  10:42  Marine x4  
  75  10:45  Marine  
  78  10:53  Marine  
  74  11:00  Marine x2  
  74  11:04  Marine x2, Marauder  
  77  11:05  Medivac  
  77  11:06  Medivac  
  85  11:11  Marauder  
  85  11:17  Marine  
  86  11:22  Marine x3  
  86  11:25  Marauder  
  73  11:33  Marauder  
  73  11:35  Medivac, Marine  
  74  11:40  Marine  
  74  11:43  Marine  
  74  11:44  Barracks  
  74  11:46  Barracks  
  74  11:47  Marauder  
  80  11:54  Medivac, Marauder  
  82  12:05  Medivac  
  82  12:07  Marine x3  
  82  12:08  Marauder, Marine  
  78  12:15  Marauder  
  67  12:25  Marine x4  
  67  12:29  Marauder  
  45  12:37  Marauder  
  45  12:43  Marine x4  
  49  12:50  Marine  
Tags
 
Composition
Bio Tank
League
GoldGold
Matchup
TvT
Race
Terran
Replay Pack
Nickos replay
Add a new tag
Caveats
  • Supply blocks, unpowered buildings, or Contaminate may cause inaccurate times.
  • Supply counts are checked every 10 seconds.